 Dungeon Crawl Stone Soup version 0.32-a0-818-gb728d0252e (webtiles) character file.

Game seed: 17158857919742115284

3638 Gargoyl the Spear-Bearer (level 10, -6/61 HPs)
             Began as a Gargoyle Berserker on Mar 24, 2024.
             Was a Priest of Trog.
             Mangled by an orc knight
             ... wielding a +0 glaive
              (29 damage)
             ... in a bailey.
             The game lasted 00:10:45 (7291 turns).

Gargoyl the Spear-Bearer (Gargoyle Berserker)       Turns: 7291, Time: 00:10:45

Health: -6/61      AC: 21    Str: 26    XL:     10   Next: 12%
Magic:  10/10      EV: 12    Int:  6    God:    Trog [***...]
Gold:   543        SH:  0    Dex: 12    Spells: 9/9 levels left

rFire   . . .        l - +2 scythe (venom)
rCold   . . .        (shield currently unavailable)
rNeg    + . .        k - +0 acid dragon scales
rPois   ∞            n - +2 helmet
rElec   +            e - +0 cloak
rCorr   +            (no gloves)
SInv    .            h - +0 pair of boots
Will    ++...        (no amulet)
Stlth   +            (no ring)
HPRegen 1.30/turn    (no ring)
MPRegen 0.12/turn

%: no passive effects
@: strong-willed, on berserk cooldown, regenerating, slowed, very slow
A: sickness immunity, AC +7, negative energy resistance 1, electricity
resistance, torment resistance 1, petrification resistance, mutation resistance
1, strong 1
a: Renounce Religion, Berserk, Trog's Hand


You were in a bailey.
You worshipped Trog.
Trog was most pleased with you.
You visited 1 branch of the dungeon, and saw 8 of its levels.
You also visited: Bailey.

You collected 543 gold pieces.

Inventory:

Hand Weapons
 a - a +0 vampiric hand axe
 l - a +2 scythe of venom (weapon)
Missiles
 c - 13 poisoned darts (quivered)
Armour
 e - a +0 cloak (worn)
 h - a +0 pair of boots (worn)
 k - +0 acid dragon scales (worn)
 n - a +2 helmet (worn)
Jewellery
 d - a +6 ring of strength
Wands
 o - a wand of light (13)
 p - a wand of charming (12)
 s - a wand of flame (19)
Scrolls
 g - a scroll of immolation
 u - a scroll of enchant armour
 w - 2 scrolls of fog
 y - 3 scrolls of identify
Potions
 b - 2 potions of resistance
 f - 5 potions of curing
 i - 2 potions of heal wounds
 j - a potion of berserk rage
 m - a potion of might {unknown}
 q - 2 potions of degeneration {unknown}
 r - 2 potions of magic {unknown}
 t - a potion of invisibility {unknown}
 v - a potion of mutation
 x - 2 potions of brilliance {unknown}
 z - a potion of lignification {unknown}
 A - 2 potions of haste {unknown}
 B - 2 potions of attraction
 C - 2 potions of cancellation {unknown}
 D - a potion of experience {unknown}


   Skills:
 + Level 6.5 Fighting
 + Level 4.4(7.0) Axes
 + Level 8.5(9.0) Polearms
 + Level 0.2 Throwing
 + Level 7.2 Armour
 + Level 4.7 Dodging
 + Level 1.6 Stealth


You had 9 spell levels left.
You didn't know any spells.
Your spell library was empty.

Dungeon Overview and Level Annotations

Branches:
Dungeon (8/15)             Temple (0/1) D:5          Bailey (1/1)
   Lair: D:8-11

Altars:
Dithmenos
Gozag
Nemelex Xobeh
Okawaru
Qazlal
Sif Muna
Xom

Annotations:
D:6 4 transporters, crabbyslav's ghost, novice TeRe


Innate Abilities, Weirdness & Mutations

You are immune to sickness and miasma.
Your stone body is resilient. (AC +7)
You are immune to poison.
You resist negative energy. (rN+)
You are resistant to electric shocks. (rElec)
You are resistant to unholy torment.
You are immune to petrification.
You are somewhat resistant to further mutation.
Your muscles are strong. (Str +4, Int/Dex -1)


Message History

The orc warrior is heavily wounded.
Unknown command.
The orc knight roars a battlecry!
The orc knight goes into a battle-frenzy!
The orc warrior misses you. The orc warrior barely misses you.
You impale the orc warrior!!
The orc warrior looks as sick as possible!
The orc warrior is severely wounded.
The orc warrior hits you with a +0 halberd!
The orc warrior misses you.
Unknown command.
You barely miss the orc warrior.
The orc warrior is severely wounded.
Unknown command.
You closely miss the orc warrior.
The orc warrior is almost dead.
You kill the orc warrior!
Trog accepts your kill. The orc warrior closely misses you.
The orc warrior misses you.
Things that are here:
a +0 halberd; a +0 scale mail Unknown command.
You feel a strong urge to attack something.
You are no longer berserk.
You are exhausted.
You feel yourself slow down.
You slash the orc knight!
The orc knight looks as sick as possible!
The orc knight is moderately wounded.
The orc knight hits you with a +0 glaive!
The orc knight closely misses you.
The orc warrior hits you from afar with a +0 trident.
The orc knight hits you with a +0 glaive!
The orc knight hits you with a +0 trident.
The orc warrior barely misses you.
You closely miss the orc knight.
The orc knight is moderately wounded.
The orc knight hits you with a +0 glaive!!
You die...

####### ############
#####.....###.........÷#
...#.......'............
...'..#....'.......???..
...'.......'.......???.∩
...'..#))..'...)@o.???..
...#..)....'.....o......
#####.))).###.o.......÷#
####### ############


You could see 2 orc knights and an orc warrior (strong, poisoned).

Vanquished Creatures
  Maggie (D:6)
  Sigmund (D:3)
  Menkaure (D:7)
  A steam dragon (D:7)
  3 black bears
  7 orc warriors
  3 sky beasts
  2 ogres
  A centaur (D:7)
  2 phantoms (D:7)
  Blork the orc (D:5)
  2 bullfrogs
  3 wights
  A jelly (D:7)
  A bombardier beetle (D:5)
  9 hounds
  5 orc priests
  A sleepcap (D:7)
  An iguana (D:4)
  Ijyb (D:4)
  7 orc wizards
  4 adders
  3 gnolls (D:7)
  A shadow imp (D:7)
  4 white imps
  4 ufetubi (D:6)
  3 dart slugs
  2 ribbon worms
  41 orcs
  2 bats
  7 endoplasms
  3 giant cockroaches
  10 goblins
  12 hobgoblins
  4 quokkas
  8 ball pythons
  2 frilled lizards
  3 kobolds
  9 rats
176 creatures vanquished.

Vanquished Creatures (others)
  5 dream sheep (D:7)
  An orc (D:8)
6 creatures vanquished.

Grand Total: 182 creatures vanquished

Notes
Turn   | Place    | Note
-------+----------+-------------------------------------------
     0 | D:1      | Gargoyl the Gargoyle Berserker began the quest for the Orb.
     0 | D:1      | Reached XP level 1. HP: 14/14 MP: 1/1
   186 | D:1      | Found a faded altar of an unknown god.
   333 | D:1      | Reached XP level 2. HP: 19/19 MP: 2/2
   674 | D:1      | Reached XP level 3. HP: 24/24 MP: 3/3
  1657 | D:3      | Noticed Sigmund
  1672 | D:3      | Killed Sigmund
  1672 | D:3      | Reached ** piety under Trog
  1673 | D:3      | Reached XP level 4. HP: 29/29 MP: 4/4
  1673 | D:3      | Reached XP level 5. HP: 33/33 MP: 5/5
  1751 | D:3      | Reached XP level 6. HP: 37/38 MP: 6/6
  1941 | D:3      | Found an iron altar of Okawaru.
  2268 | D:4      | Found a sparkling altar of Nemelex Xobeh.
  2277 | D:4      | Reached skill level 1 in Polearms
  2706 | D:4      | Noticed a black bear
  2714 | D:4      | Killed a black bear
  2715 | D:4      | Reached skill level 2 in Polearms
  2715 | D:4      | Reached XP level 7. HP: 44/44 MP: 7/7
  2879 | D:4      | Noticed Ijyb
  2888 | D:4      | Killed Ijyb
  2979 | D:4      | Found a shadowy altar of Dithmenos.
  3178 | D:5      | Entered Level 5 of the Dungeon
  3189 | D:5      | Found a staircase to the Ecumenical Temple.
  3225 | D:5      | Reached skill level 3 in Polearms
  3405 | D:5      | Found an opulent altar of Gozag.
  3474 | D:5      | Reached skill level 5 in Armour
  3981 | D:5      | Reached skill level 4 in Polearms
  4013 | D:5      | Reached XP level 8. HP: 48/48 MP: 8/8
  4385 | D:5      | Noticed Blork the orc
  4388 | D:5      | Gained mutation: Armour fits poorly on your strangely
                  | shaped body. [potion of mutation]
  4388 | D:5      | Lost mutation: Armour fits poorly on your strangely shaped
                  | body. [potion of mutation]
  4388 | D:5      | Gained mutation: Your muscles are strong. (Str +4, Int/Dex
                  | -1) [potion of mutation]
  4388 | D:5      | Gained mutation: You are somewhat resistant to further
                  | mutation. [potion of mutation]
  4434 | D:5      | Killed Blork the orc
  4445 | D:5      | Found a shimmering blue altar of Sif Muna.
  4764 | D:6      | Found a stormy altar of Qazlal.
  4774 | D:6      | Reached skill level 5 in Polearms
  4877 | D:6      | Found a transporter.
  4877 | D:6      | Noticed crabbyslav's ghost (novice TeRe)
  4894 | D:6      | Found a transporter.
  4936 | D:6      | Found a transporter.
  4942 | D:6      | Noticed a kobold demonologist
  4946 | D:6      | Identified the +4 trident of the Thing {flame, Will+}
  4951 | D:6      | Noticed Maggie
  4964 | D:6      | Killed Maggie
  4965 | D:6      | Reached skill level 5 in Fighting
  5017 | D:6      | Found a transporter.
  5025 | D:6      | Noticed an orc high priest
  5026 | D:6      | Noticed a kobold demonologist
  5125 | D:6      | Reached *** piety under Trog
  5242 | D:6      | Reached skill level 6 in Polearms
  5262 | D:6      | Reached XP level 9. HP: 35/54 MP: 9/9
  5418 | D:6      | Reached skill level 1 in Stealth
  5970 | D:7      | Reached skill level 7 in Polearms
  6057 | D:7      | Found a shimmering altar of Xom.
  6300 | D:7      | Noticed Menkaure
  6306 | D:7      | Killed Menkaure
  6791 | D:8      | Reached skill level 8 in Polearms
  6880 | D:8      | Found a flagged portal.
  6889 | Bailey   | Entered a bailey
  6917 | Bailey   | Reached **** piety under Trog
  6989 | Bailey   | Reached XP level 10. HP: 29/61 MP: 10/10
  7279 | Bailey   | Noticed an orc knight
  7279 | Bailey   | Noticed an orc knight
  7291 | Bailey   | Mangled by an orc knight

Illustrated notes

Levels and vault maps discovered:
D:1:      dpeg_arrival_oval, layout_basic, serial_glass, glass_columns_b,
          glass_columns_a, glass_columns_a, shapermc_ecumenical_altar_ellora,
          st_stairs_5
D:2:      layout_rooms, serial_rivers, chequers_serial_rivers_small_a,
          chequers_serial_rivers_micro_c, chequers_serial_rivers_room_a,
          chequers_serial_rivers_large_a, chequers_serial_rivers_micro_c
D:3:      layout_loops_ring, okawaru_gym_becter, uniq_sigmund
D:4:      layout_gridville, mainiacjoe_overflow_tiny_flanked,
          nemelex_xobeh_ov_fountains_minmay, minmay_door_square,
          serial_library_hellmonk_hallway_b, uniq_ijyb
D:5:      layout_layer_cave, tgw_sif,
          nicolae_gozag_cash_rules_everything_around_me,
          minmay_temple_entry_statues_fountains, chequers_big_river,
          amcnicky_mini_corridor_feature, lemuel_flamethrower_2
D:6:      gammafunk_wand_slinger, layout_gridville,
          nicolae_qazlal_beasts_of_the_sky, gammafunk_ghost_stat_death,
          chequers_serial_rivers_small_b, uniq_maggie
D:7:      layout_basic, kb_xom_exploding_sheep, uniq_menkaure
D:8:      layout_loops_ring, enter_bailey_3
Bailey:   bailey_polearm_5, bailey

Skill      XL: |  1  2  3  4  5  6  7  8  9 |
---------------+----------------------------+-----
Axes           | 3 4 |  4.4
Fighting       | 4 5 6 |  6.5
Armour         | 3 4 5 6 7 |  7.2
Dodging        | 2 4 |  4.7
Polearms       | 2 4 6 8 |  8.5
Stealth        | 1 |  1.6
Throwing       | |  0.2

Action                     |  1- 3 |  4- 6 |  7- 9 | 10-12 || total
---------------------------+-------+-------+-------+-------++-------
  Melee: Hand axe          |   124 |       |       |       ||   124
         Halberd           |       |    67 |   360 |    34 ||   461
  Throw: Dart              |       |       |     2 |       ||     2
 Invoke: Berserk           |     1 |     1 |     5 |     2 ||     9
         Trog's Hand       |       |       |     3 |     2 ||     5
    Use: Scroll            |     3 |     1 |     8 |       ||    12
         Potion            |       |       |     5 |       ||     5
 Armour: Chain mail        |    86 |    75 |   131 |       ||   292
         Animal skin       |     2 |       |       |       ||     2
         Acid dragon scale |       |       |   326 |    47 ||   373
  Dodge: Dodged            |    43 |    34 |   355 |    54 ||   486

Table legend: (Time is in decaauts)
 A = Elapsed time spent in this place.
 B = Non-inter-level travel time spent in this place.
 C = Inter-level travel time spent in this place.
 D = Time resting spent in this place.
 E = Time spent auto-exploring this place.
 F = Levels seen in this place.
 G = Mean time per level.
                   A        B        C        D        E       F      G
               +--------+--------+--------+--------+--------+-----+--------+
         Total |   7496 |   7291 |    205 |    444 |   5021 |   9 |  832.9 |
       Dungeon |   7080 |   6875 |    205 |    232 |   4963 |   8 |  885.0 |
        Bailey |    416 |    416 |      0 |    211 |     58 |   1 |  416.0 |
               +--------+--------+--------+--------+--------+-----+--------+

Top non-repeatable levels by time:
     D:5: 1598 daAuts
     D:7: 1079 daAuts
     D:4: 942 daAuts
     D:1: 912 daAuts
     D:6: 904 daAuts
     D:3: 749 daAuts
     D:2: 653 daAuts
  Bailey: 416 daAuts
     D:8: 239 daAuts
